TOP OF THE 1ST |
Greenville Drive batting - Pitching for West Michigan Whitecaps : RHP Jared Barger
|
Pitching: RHP Jared Barger
|
|
Batting: LHB John Buff
|
0-0: Called Strike 0-1: Ball 1-1: DOUBLE (Line Drive, 9LD, EV 111.2 MPH)
|
Batting: LHB Danny Montoya
|
0-0: Ball 1-0: 2-RUN HOME RUN (Flyball, 78XD, EV 101.2 MPH), Distance : 414 ft
|
Batting: LHB Carlos Guerra
|
0-0: Ball 1-0: Ball 2-0: Foul Ball, location: 2F 2-1: Ball 3-1: Base on Balls
|
Batting: RHB Alex Cardenas
|
0-0: Ball 1-0: Ball 2-0: Ball 3-0: Base on Balls Carlos Guerra to second
|
Batting: LHB Eddie Contreras
|
0-0: Called Strike 0-1: Fielders Choice at 2nd, 3-6 (Groundball, 3, EV 101.9 MPH) Carlos Guerra to third
|
Batting: LHB Kevin Rolison
|
0-0: Ball 1-0: Swinging Strike 1-1: Called Strike 1-2: Foul Ball, location: 2F 1-2: SINGLE (Groundball, P, EV 78.1 MPH) (infield hit) Carlos Guerra scores Eddie Contreras to second
|
Batting: RHB Bobby Schimke
|
0-0: SINGLE (Groundball, 56, EV 98.8 MPH) (infield hit) Eddie Contreras to third Kevin Rolison to second
|
Batting: RHB Paul Long
|
0-0: Foul Ball, location: 2F 0-1: Fly out, F7 (Flyball, 7S, EV 88.1 MPH)
|
Batting: RHB Roger Mitchell
|
0-0: SINGLE (Line Drive, 4D, EV 96.9 MPH) Eddie Contreras scores Kevin Rolison to third Bobby Schimke to second
|
Batting: LHB John Buff
|
0-0: Called Strike 0-1: Ground out 4-3 (Groundball, 4, EV 84.4 MPH)
|
Top of the 1st over - 4 runs, 5 hits, 0 errors, 3 left on base; Greenville 4 - West Michigan 0 |
BOTTOM OF THE 1ST |
West Michigan Whitecaps batting - Pitching for Greenville Drive : RHP Dan Jenkins
|
Pitching: RHP Dan Jenkins
|
|
Batting: SHB Willie Medina
|
0-0: Ground out 6-3 (Groundball, 6, EV 86.9 MPH)
|
Batting: LHB Nick Nino
|
0-0: Swinging Strike 0-1: Called Strike 0-2: Ball 1-2: Foul Ball, location: 2F 1-2: Strikes out looking
|
Batting: LHB George Moran
|
0-0: Ball 1-0: Swinging Strike 1-1: Ball 2-1: Foul Ball, location: 2F 2-2: Ball 3-2: Fly out, F9 (Line Drive, 9, EV 87.5 MPH)
|
Bottom of the 1st over - 0 runs, 0 hits, 0 errors, 0 left on base; Greenville 4 - West Michigan 0 |
TOP OF THE 2ND |
Greenville Drive batting - Pitching for West Michigan Whitecaps : RHP Jared Barger
|
Batting: LHB Danny Montoya
|
0-0: Ball 1-0: Ball 2-0: Swinging Strike 2-1: Ball 3-1: Foul Ball, location: 2F 3-2: Strikes out swinging
|
Batting: LHB Carlos Guerra
|
0-0: Swinging Strike 0-1: Ball 1-1: Called Strike 1-2: Ball 2-2: Ground out 4-3 (Groundball, 34D, EV 108.8 MPH)
|
Batting: RHB Alex Cardenas
|
0-0: Ball 1-0: Called Strike 1-1: SINGLE (Line Drive, 6D, EV 101.2 MPH)
|
Batting: LHB Eddie Contreras
|
0-0: Called Strike 0-1: Called Strike 0-2: Ball 1-2: Ball 2-2: Strikes out swinging
|
Top of the 2nd over - 0 runs, 1 hit, 0 errors, 1 left on base; Greenville 4 - West Michigan 0 |
BOTTOM OF THE 2ND |
West Michigan Whitecaps batting - Pitching for Greenville Drive : RHP Dan Jenkins
|
Batting: RHB Jon Goldstein
|
0-0: Called Strike 0-1: Ball 1-1: Foul Ball, location: 2F 1-2: Fly out, F8 (Flyball, 89M, EV 94.4 MPH)
|
Batting: RHB German Quiroga
|
0-0: Foul Ball, location: 2F 0-1: Fly out, F9 (Flyball, 9LM, EV 93.8 MPH)
|
Batting: LHB Jon Pedlar
|
0-0: Foul Ball, location: 2F 0-1: Fly out, F8 (Flyball, 8LD, EV 79.4 MPH)
|
Bottom of the 2nd over - 0 runs, 0 hits, 0 errors, 0 left on base; Greenville 4 - West Michigan 0 |
TOP OF THE 3RD |
Greenville Drive batting - Pitching for West Michigan Whitecaps : RHP Jared Barger
|
Batting: LHB Kevin Rolison
|
0-0: Ball 1-0: Ball 2-0: Fly out, F8 (Line Drive, 8LM, EV 87.5 MPH)
|
Batting: RHB Bobby Schimke
|
0-0: Called Strike 0-1: SINGLE (Groundball, 6MD, EV 103.1 MPH)
|
Batting: RHB Paul Long
|
0-0: Foul Ball, location: 2F 0-1: Foul Ball, location: 2F 0-2: Ball 1-2: Grounds into double play, 4-6-3 (Groundball, 4, EV 105.0 MPH)
|
Top of the 3rd over - 0 runs, 1 hit, 0 errors, 0 left on base; Greenville 4 - West Michigan 0 |
BOTTOM OF THE 3RD |
West Michigan Whitecaps batting - Pitching for Greenville Drive : RHP Dan Jenkins
|
Batting: RHB Scott Carr
|
0-0: Called Strike 0-1: Fly out, F8 (Flyball, 89M, EV 80.0 MPH)
|
Batting: LHB Steve Herrera
|
0-0: Swinging Strike 0-1: Foul Ball, location: 2F 0-2: Ball 1-2: Strikes out swinging
|
Batting: RHB Tony Murray
|
0-0: Called Strike 0-1: Fly out, F9 (Flyball, 9, EV 86.9 MPH)
|
Bottom of the 3rd over - 0 runs, 0 hits, 0 errors, 0 left on base; Greenville 4 - West Michigan 0 |
TOP OF THE 4TH |
Greenville Drive batting - Pitching for West Michigan Whitecaps : RHP Jared Barger
|
Batting: RHB Roger Mitchell
|
0-0: Called Strike 0-1: Ball 1-1: Fly out, F5 (Popup, 6S, EV 73.1 MPH)
|
Batting: LHB John Buff
|
0-0: Ball 1-0: Foul Ball, location: 2F 1-1: Ball 2-1: Foul Ball, location: 2F 2-2: Foul Ball, location: 2F 2-2: Foul Ball, location: 2F 2-2: Strikes out looking
|
Batting: LHB Danny Montoya
|
0-0: Called Strike 0-1: SINGLE (Line Drive, 8LS, EV 111.9 MPH)
|
Batting: LHB Carlos Guerra
|
0-0: Ball 1-0: Called Strike 1-1: Foul Ball, location: 2F 1-2: Strikes out swinging
|
Top of the 4th over - 0 runs, 1 hit, 0 errors, 1 left on base; Greenville 4 - West Michigan 0 |
BOTTOM OF THE 4TH |
West Michigan Whitecaps batting - Pitching for Greenville Drive : RHP Dan Jenkins
|
Batting: SHB Willie Medina
|
0-0: Ball 1-0: Called Strike 1-1: Ball 2-1: Foul Ball, location: 2F 2-2: Foul Ball, location: 2F 2-2: Foul Ball, location: 2F 2-2: Ball 3-2: Foul Ball, location: 2F 3-2: Foul Ball, location: 2F 3-2: Foul Ball, location: 2F 3-2: Foul Ball, location: 2F 3-2: Ground out 6-3 (Groundball, 6M, EV 105.0 MPH)
|
Batting: LHB Nick Nino
|
0-0: Ball 1-0: Ball 2-0: Ball 3-0: Base on Balls
|
Batting: LHB George Moran
|
0-0: Ball 1-0: TRIPLE (Line Drive, 8RXD, EV 110.0 MPH) Nick Nino scores
|
Batting: RHB Jon Goldstein
|
0-0: Ball 1-0: Swinging Strike 1-1: SINGLE (Line Drive, 5D, EV 96.2 MPH) George Moran scores
|
Batting: RHB German Quiroga
|
0-0: Called Strike 0-1: Ball 1-1: Called Strike 1-2: Ball 2-2: Fielders Choice at 2nd, 4-6 (Groundball, 4, EV 90.6 MPH)
|
Batting: LHB Jon Pedlar
|
0-0: Ball 1-0: Fly out, F9 (Flyball, 9, EV 96.9 MPH)
|
Bottom of the 4th over - 2 runs, 2 hits, 0 errors, 1 left on base; Greenville 4 - West Michigan 2 |
TOP OF THE 5TH |
Greenville Drive batting - Pitching for West Michigan Whitecaps : RHP Jared Barger
|
Batting: RHB Alex Cardenas
|
0-0: DOUBLE (Line Drive, 9LS, EV 95.6 MPH)
|
Batting: LHB Eddie Contreras
|
0-0: Ball 1-0: Ball 2-0: Called Strike 2-1: Ground out 5-3 (Groundball, 56, EV 103.1 MPH)
|
Batting: LHB Kevin Rolison
|
0-0: Ball 1-0: Called Strike 1-1: Foul Ball, location: 2F 1-2: Ball 2-2: SINGLE (Groundball, 56, EV 97.5 MPH) Alex Cardenas to third Runner from 3rd tries for Home, SAFE, throw by LF to home
|
Pitching: RHP Jorge Castaneda
|
|
Batting: RHB Bobby Schimke
|
0-0: Called Strike Kevin Rolison steals 2nd base 0-1: Ball 1-1: SINGLE (Groundball, 4M, EV 104.4 MPH) Kevin Rolison to third
|
Batting: RHB Paul Long
|
0-0: Ball 1-0: Called Strike 1-1: Swinging Strike 1-2: Strikes out swinging
|
Batting: RHB Roger Mitchell
|
0-0: Fly out, F9 (Flyball, 89M, EV 94.4 MPH)
|
Top of the 5th over - 1 run, 3 hits, 0 errors, 2 left on base; Greenville 5 - West Michigan 2 |
BOTTOM OF THE 5TH |
West Michigan Whitecaps batting - Pitching for Greenville Drive : RHP Dan Jenkins
|
Batting: RHB Scott Carr
|
0-0: Ball 1-0: Foul Ball, location: 2F 1-1: Ground out 3-1 (Groundball, 34, EV 110.6 MPH)
|
Batting: LHB Steve Herrera
|
0-0: Ball 1-0: Foul Ball, location: 2F 1-1: Foul Ball, location: 2F 1-2: Strikes out looking
|
Batting: RHB Tony Murray
|
0-0: Foul Ball, location: 2F 0-1: Swinging Strike 0-2: Strikes out swinging
|
Bottom of the 5th over - 0 runs, 0 hits, 0 errors, 0 left on base; Greenville 5 - West Michigan 2 |
TOP OF THE 6TH |
Greenville Drive batting - Pitching for West Michigan Whitecaps : RHP Jorge Castaneda
|
Batting: LHB John Buff
|
0-0: Called Strike 0-1: Called Strike 0-2: Hit by Pitch
|
Batting: LHB Danny Montoya
|
0-0: Called Strike John Buff steals 2nd base (no throw) 0-1: SINGLE (Groundball, 25, EV 76.2 MPH) (infield hit) John Buff to third
|
Batting: LHB Carlos Guerra
|
0-0: Swinging Strike 0-1: Ball 1-1: Foul Ball, location: 2F 1-2: Strikes out swinging
|
Batting: RHB Alex Cardenas
|
0-0: Swinging Strike 0-1: Called Strike 0-2: Foul Ball, location: 2F 0-2: Strikes out looking and he ARGUES THE CALL AND IS TOSSED!
|
Batting: LHB Eddie Contreras
|
0-0: Foul Ball, location: 2F 0-1: Called Strike 0-2: Ball 1-2: Foul Ball, location: 2F 1-2: Ball 2-2: Strikes out swinging
|
Top of the 6th over - 0 runs, 1 hit, 0 errors, 2 left on base; Greenville 5 - West Michigan 2 |
BOTTOM OF THE 6TH |
West Michigan Whitecaps batting - Pitching for Greenville Drive : RHP Dan Jenkins
|
Now at 3B: Victor Orozco
|
|
Batting: SHB Willie Medina
|
0-0: Called Strike 0-1: Swinging Strike 0-2: Ball 1-2: Ball 2-2: Foul Ball, location: 2F 2-2: Ball 3-2: Ground out 6-3 (Groundball, 56, EV 83.8 MPH)
|
Batting: LHB Nick Nino
|
0-0: Ball 1-0: Ball 2-0: Called Strike 2-1: Foul Ball, location: 2F 2-2: Reached on error, E3 (Groundball, 3, EV 85.0 MPH)
|
Batting: LHB George Moran
|
0-0: Called Strike Nick Nino steals 2nd base 0-1: Fly out, F8 (Flyball, 8LD, EV 100.0 MPH)
|
Batting: RHB Jon Goldstein
|
0-0: Called Strike 0-1: Ball 1-1: Foul Ball, location: 2F 1-2: Foul Ball, location: 2F 1-2: Fly out, F9 (Flyball, 9, EV 75.0 MPH)
|
Bottom of the 6th over - 0 runs, 0 hits, 1 error, 1 left on base; Greenville 5 - West Michigan 2 |
TOP OF THE 7TH |
Greenville Drive batting - Pitching for West Michigan Whitecaps : RHP Jorge Castaneda
|
Pitching: LHP Chris Thomas
|
|
Pinch Hitting: RHB Adugna Chandu
|
0-0: Foul Ball, location: 2F 0-1: Swinging Strike 0-2: Ball 1-2: Ball 2-2: Foul Ball, location: 2F 2-2: Foul Ball, location: 2F 2-2: Ball 3-2: Foul Ball, location: 2F 3-2: Ground out 6-3 (Groundball, 6, EV 103.8 MPH)
|
Batting: RHB Bobby Schimke
|
0-0: SINGLE (Groundball, 34D, EV 108.1 MPH)
|
Batting: RHB Paul Long
|
0-0: Called Strike 0-1: Foul Ball, location: 2F 0-2: Foul Ball, location: 2F 0-2: Ball 1-2: Ball 2-2: Foul Ball, location: 2F 2-2: Foul Ball, location: 2F 2-2: Ball 3-2: Fly out, F7 (Flyball, 7D, EV 78.1 MPH)
|
Batting: RHB Roger Mitchell
|
0-0: Ball Bobby Schimke steals 2nd base 1-0: Swinging Strike 1-1: Foul Ball, location: 2F 1-2: Strikes out looking
|
Top of the 7th over - 0 runs, 1 hit, 0 errors, 1 left on base; Greenville 5 - West Michigan 2 |
BOTTOM OF THE 7TH |
West Michigan Whitecaps batting - Pitching for Greenville Drive : RHP Dan Jenkins
|
Now in RF: Ted Emmerich
|
|
Batting: RHB German Quiroga
|
0-0: Foul Ball, location: 2F 0-1: Swinging Strike 0-2: Strikes out swinging
|
Batting: LHB Jon Pedlar
|
0-0: Ball 1-0: Ball 2-0: Called Strike 2-1: Called Strike 2-2: Ground out 4-3 (Groundball, 4, EV 88.8 MPH)
|
Batting: RHB Scott Carr
|
0-0: Ball 1-0: Called Strike 1-1: Foul Ball, location: 2F 1-2: Ball 2-2: Strikes out swinging
|
Bottom of the 7th over - 0 runs, 0 hits, 0 errors, 0 left on base; Greenville 5 - West Michigan 2 |
TOP OF THE 8TH |
Greenville Drive batting - Pitching for West Michigan Whitecaps : LHP Chris Thomas
|
Pitching: RHP Matt Sturge
|
|
Batting: LHB John Buff
|
0-0: Foul Ball, location: 2F 0-1: Foul Ball, location: 2F 0-2: Foul Ball, location: 2F 0-2: Ball 1-2: Ground out 5-3 (Groundball, 56S, EV 73.1 MPH)
|
Batting: LHB Danny Montoya
|
0-0: Foul Ball, location: 2F 0-1: Ball 1-1: SOLO HOME RUN (Flyball, 89XD, EV 101.9 MPH), Distance : 406 ft
|
Batting: LHB Carlos Guerra
|
0-0: Ball 1-0: Foul Ball, location: 2F 1-1: DOUBLE (Line Drive, 7LM, EV 93.8 MPH)
|
Batting: RHB Victor Orozco
|
0-0: Ball Carlos Guerra steals 3rd base 1-0: SINGLE (Line Drive, 8LS, EV 88.8 MPH) Carlos Guerra scores
|
Batting: LHB Eddie Contreras
|
0-0: Called Strike 0-1: Ball 1-1: Foul Ball, location: 2F 1-2: Foul Ball, location: 2F 1-2: Strikes out swinging
|
Batting: RHB Ted Emmerich
|
0-0: Ball 1-0: Ball 2-0: Ball 3-0: Foul Ball, location: 2F 3-1: Called Strike 3-2: DOUBLE (Flyball, 8LD, EV 96.2 MPH) Victor Orozco to third Victor Orozco scores
|
Batting: RHB Bobby Schimke
|
0-0: Ball 1-0: Fly out, F8 (Flyball, 8LD, EV 76.2 MPH)
|
Top of the 8th over - 3 runs, 4 hits, 0 errors, 1 left on base; Greenville 8 - West Michigan 2 |
BOTTOM OF THE 8TH |
West Michigan Whitecaps batting - Pitching for Greenville Drive : RHP Dan Jenkins
|
Pitching: RHP Alan Phillips
|
|
Batting: LHB Steve Herrera
|
0-0: Ball 1-0: Ball 2-0: Ground out 4-3 (Groundball, 4, EV 79.4 MPH)
|
Batting: RHB Tony Murray
|
0-0: Ball 1-0: SOLO HOME RUN (Line Drive, 7D, EV 101.9 MPH), Distance : 382 ft
|
Batting: SHB Willie Medina
|
0-0: Called Strike 0-1: Ball 1-1: Swinging Strike 1-2: Foul Ball, location: 2F 1-2: Ball 2-2: Foul Ball, location: 2F 2-2: Foul Ball, location: 2F 2-2: Strikes out swinging, 2-3 out at first.
|
Batting: LHB Nick Nino
|
0-0: Ball 1-0: Called Strike 1-1: Ball 2-1: Foul Ball, location: 2F 2-2: Strikes out swinging
|
Bottom of the 8th over - 1 run, 1 hit, 0 errors, 0 left on base; Greenville 8 - West Michigan 3 |
TOP OF THE 9TH |
Greenville Drive batting - Pitching for West Michigan Whitecaps : RHP Matt Sturge
|
Batting: RHB Paul Long
|
0-0: Ball 1-0: Swinging Strike 1-1: Swinging Strike 1-2: Foul Ball, location: 2F 1-2: Strikes out swinging
|
Batting: RHB Roger Mitchell
|
0-0: Ball 1-0: Swinging Strike 1-1: Swinging Strike 1-2: Foul Ball, location: 2F 1-2: Foul Ball, location: 2F 1-2: Strikes out swinging
|
Pitching: LHP Jesse Turner
|
|
Batting: LHB John Buff
|
0-0: Called Strike 0-1: Ground out 1-3 (Groundball, P, EV 61.2 MPH)
|
Top of the 9th over - 0 runs, 0 hits, 0 errors, 0 left on base; Greenville 8 - West Michigan 3 |
BOTTOM OF THE 9TH |
West Michigan Whitecaps batting - Pitching for Greenville Drive : RHP Alan Phillips
|
Batting: LHB George Moran
|
0-0: Swinging Strike 0-1: SINGLE (Line Drive, 8RS, EV 93.8 MPH)
|
Batting: RHB Jon Goldstein
|
0-0: Called Strike Pickoff Throw to First - Error! E1 George Moran to second 0-1: Ball 1-1: Foul Ball, location: 2F 1-2: Strikes out swinging
|
Batting: RHB German Quiroga
|
0-0: Foul Ball, location: 2F 0-1: Ball 1-1: Ball 2-1: Fly out, F9 (Flyball, 89S, EV 91.2 MPH)
|
Batting: LHB Jon Pedlar
|
0-0: Foul Ball, location: 2F 0-1: Called Strike 0-2: Foul Ball, location: 2F 0-2: Ball 1-2: Ball 2-2: Foul Ball, location: 2F 2-2: Ball 3-2: Strikes out swinging
|
Bottom of the 9th over - 0 runs, 1 hit, 1 error, 1 left on base; Greenville 8 - West Michigan 3 |
|